Map: Ice and Chrome LE

Players

MaSa

  • Race: Terran Terran
  • League: Master
  • Spawn Location: 7:00

PiLiPiLi - Winner!

  • Race: Protoss Protoss
  • League: Grandmaster
  • Spawn Location: 1:00

Event: DreamHack SC2 Masters 2020 Fall

VOD

Have the link to the VOD?

Description

Time

  • Played on: Sept. 3, 2020, 6:21 p.m.
  • Length: 6:09

All games in this series

Show
View Real Time Build Order
Export as new Build Order

MaSa Terran 

Build Orders: Liberator Opening 

Get SALT Encoding   

  12  0:00  SCV  
  13  0:12  SCV  
  14  0:16  Supply Depot  
  14  0:24  SCV  
  15  0:38  SCV  
  15  0:39  Barracks  
  16  0:43  Refinery  
  16  0:50  SCV  
  16  0:52  Refinery  
  17  1:02  SCV  
  18  1:06  Supply Depot  
  18  1:14  SCV  
  19  1:26  Reaper  
  19  1:28  Orbital Command  
  20  1:44  Factory  
  20  1:54  SCV  
  20  1:58  Barracks Reactor  
  20  2:09  Barracks  
  20  2:12  SCV  
  21  2:24  SCV  
  21  2:29  Factory Tech Lab  
  22  2:32  Starport  
  22  2:36  SCV  
  23  2:40  Marine  
  23  2:42  Marine  
  25  2:48  Siege Tank  
  28  2:56  Supply Depot  
  28  2:59  Marine  
  28  3:00  Marine  
  28  3:04  Marine  
  31  3:17  Medivac  
  33  3:20  Supply Depot  
  33  3:28  Siege Tank  
  33  3:31  Marine  
  33  3:33  Marine  
  38  3:34  Marine  
  38  3:40  SCV  
  39  3:44  Supply Depot  
  39  3:51  Marine x2  
  39  3:53  Marine  
  42  4:04  Liberator  
  42  4:09  Marine  
  46  4:12  Siege Tank  
  49  4:17  Marine x2  
  49  4:33  Supply Depot, Bunker  
  48  4:42  Marine x2  
  48  4:44  Siege Tank  
  52  4:49  Bunker  
  51  4:53  Marine  
  50  5:00  Marine  
  50  5:05  SCV  
  50  5:06  Supply Depot  
  42  5:32  Marine  
  42  5:33  Marine, Siege Tank  
  37  5:43  SCV  
  37  5:45  Marine  
  39  5:50  Marine  
Show
View Real Time Build Order
Export as new Build Order

PiLiPiLi Protoss - Winner!

Build Orders: 1 Gate Expand, Blink Stalkers 

Get SALT Encoding   

  12  0:02  Probe  
  13  0:14  Probe  
  13  0:19  Pylon  
  14  0:26  Probe (Chrono Boost)  
  15  0:38  Probe (Chrono Boost), Gateway  
  16  0:46  Probe (Chrono Boost)  
  16  0:47  Assimilator  
  17  0:52  Probe  
  18  1:04  Probe  
  19  1:17  Probe  
  20  1:23  Nexus  
  20  1:31  Probe  
  21  1:35  Cybernetics Core  
  21  1:42  Assimilator  
  21  1:44  Probe  
  22  1:52  Pylon  
  22  1:57  Probe  
  22  2:09  Probe, Stalker (Chrono Boost)  
  22  2:12  Warp Gate  
  25  2:21  Probe  
  26  2:28  Twilight Council  
  26  2:33  Probe  
  27  2:40  Stalker  
  27  2:41  Probe  
  30  2:45  Probe  
  31  2:53  Probe  
  31  2:57  Probe  
  33  3:00  Blink (Chrono Boost)  
  34  3:05  Probe  
  34  3:09  Probe  
  35  3:17  Probe  
  36  3:21  Gateway x2  
  36  3:23  Robotics Facility  
  36  3:25  Probe  
  37  3:33  Probe  
  38  3:37  Probe  
  39  3:43  Pylon  
  39  3:45  Probe  
  39  3:47  Shield Battery  
  40  3:49  Probe  
  41  3:57  Probe  
  41  3:59  Pylon  
  41  4:01  Probe, Stalker  
  45  4:07  Assimilator  
  45  4:09  Gateway  
  45  4:20  Shield Battery  
  45  4:21  Immortal (Chrono Boost)  
  45  4:25  Stalker x3  
  45  4:29  Shield Battery  
  53  4:48  Stalker x2  
  53  4:51  Stalker  
  59  4:53  Shield Battery  
  59  4:54  Pylon  
  59  5:05  Zealot  
  61  5:11  Immortal (Chrono Boost)  
  65  5:18  Stalker  
  59  5:22  Stalker  
  61  5:33  Stalker x2  
  61  5:41  Stalker  
  59  5:45  Probe x2  
  59  5:46  Stalker  
  63  5:57  Probe, Pylon  

Tags
 
Add a new tag
Caveats
  • Supply blocks, unpowered buildings, or Contaminate may cause inaccurate times.
  • Supply counts are checked every 10 seconds.